 Dungeon Crawl Stone Soup version 0.30-a0-618-gd6c86c2 (webtiles) character file.

Game seed: 6595104526942346923

101 malesh the Conjurer (level 4, 0/21 (27) HPs)
             Began as a Tengu Reaver on Jan 9, 2023.
             Slain by Crazy Yiuf
             ... wielding a +3 quarterstaff of chaos
              (8 damage)
             ... on level 2 of the Dungeon.
             The game lasted 00:07:31 (1917 turns).

malesh the Conjurer (Tengu Reaver)                  Turns: 1917, Time: 00:07:32

HP:   0/21 (27)     AC:  4    Str: 12    XL:     4   Next: 75%
MP:   5/8           EV: 12    Int: 13    God:
Gold: 92            SH:  4    Dex: 15    Spells: 4/7 levels left

rFire   . . .      SeeInvis .    a - +0 falchion
rCold   . . .      Faith    .    m - +0 buckler
rNeg    . . .      Spirit   .    b - +0 leather armour
rPois   .          Reflect  .    (helmet restricted)
rElec   .          Harm     .    (no cloak)
rCorr   .          Rampage  .    p - +0 pair of gloves
Will    .....                    (boots unavailable)
Stlth   +                        (no amulet)
HPRegen 0.23/turn                (no ring)
MPRegen 0.11/turn                (no ring)

@: heavily drained
A: beak, talons 3
a: no special abilities


You were on level 2 of the Dungeon.
You visited 1 branch of the dungeon, and saw 3 of its levels.

You collected 131 gold pieces.
You spent 39 gold pieces at shops.

Inventory:

Hand Weapons
 a - a +0 falchion (weapon)
Armour
 b - a +0 leather armour (worn)
 m - a +0 buckler (worn)
 p - a +0 pair of gloves (worn)
Scrolls
 c - a scroll of silence
 i - a scroll of brand weapon {unknown}
 n - a scroll of enchant armour
 o - a scroll of teleportation {unknown}
Potions
 d - a potion of curing
 e - a potion of cancellation
 f - a potion of ambrosia {unknown}
 g - a potion of berserk rage {unknown}
 h - a potion of heal wounds {unknown}
 j - a potion of lignification {unknown}
 k - 3 potions of flight
 l - a potion of magic {unknown}


   Skills:
 * Level 2.8 Fighting
 * Level 3.9 Long Blades
 * Level 3.1 Dodging
 + Level 0.7 Shields
 + Level 2.4 Spellcasting
 + Level 4.5 Conjurations


You had 4 spell levels left.
You knew the following spells:

 Your Spells              Type           Power      Damage    Failure   Level
a - Kiss of Death         Conj/Necr      28%        2d7       17%         1
b - Momentum Strike       Conj/Tloc      14%        3d8       26%         2

Your spell library contained the following spells:

 Spells                   Type           Power      Damage    Failure   Level
 Beastly Appendage        Tmut           2%         N/A       41%         1
 Hailstorm                Conj/Ice       7%         3d4       45%         3
 Wereblood                Tmut           1%         N/A       54%         2
 Ozocubu's Armour         Ice            1%         N/A       78%         3
 Spider Form              Tmut/Pois      1%         N/A       78%         3
 Metabolic Englaciation   Hex/Ice        0%         N/A       100%        5
 Simulacrum               Ice/Necr       0%         N/A       100%        6


Dungeon Overview and Level Annotations

Branches:
Dungeon (3/15)

Altars:

Shops:
D:2 (   D:3 !

Annotations:
D:2 Crazy Yiuf


Innate Abilities, Weirdness & Mutations

You have a beak for a mouth.
You have claws for feet.


Message History

A hobgoblin comes into view.
The hobgoblin shouts!
You hit the hobgoblin.
The hobgoblin is severely wounded.
The hobgoblin barely misses you.
You barely miss the hobgoblin. You claw the hobgoblin.
You kill the hobgoblin!
No target in view!
No target in view!
Found a stone staircase leading up.
No target in view!
You see here a +0 club.
Crazy Yiuf shouts!
Crazy Yiuf whimpers, "Aardvark eyeball foot!"
You open the door.
Crazy Yiuf whimpers, "Orb down blue!"
You barely miss Crazy Yiuf. Your kick misses Crazy Yiuf.
You block Crazy Yiuf's attack.
You closely miss Crazy Yiuf. You claw Crazy Yiuf.
Crazy Yiuf is moderately wounded.
Crazy Yiuf hits you with a +3 quarterstaff of chaos.
Crazy Yiuf burns you. Crazy Yiuf barely misses you.
Casting: Kiss of Death (safe; 17% risk of failure)
Confirm with . or Enter, or press ? or * to list all spells.
Aiming: Kiss of Death (safe; 17% risk of failure)
Press: ? - help, Shift-Dir - straight line, f - Crazy Yiuf
Aim: Crazy Yiuf, wielding a +3 quarterstaff of chaos and wearing a +0 cloak (moderately wounded, 100% to hit)
The negative energy hits Crazy Yiuf.
Crazy Yiuf is drained!
Crazy Yiuf is heavily wounded.
You feel drained.
Crazy Yiuf hits you with a +3 quarterstaff of chaos.
You feel your power leaking away.
You hit Crazy Yiuf.
Crazy Yiuf is severely wounded.
Crazy Yiuf hits you with a +3 quarterstaff of chaos!
You feel drained.
You completely miss Crazy Yiuf. Your kick misses Crazy Yiuf.
Crazy Yiuf is severely wounded.
Crazy Yiuf hits you with a +3 quarterstaff of chaos!
You die...

#............#
#............#
#...........##
######..[...#
#......#
#######......# ###
###.#.P........#
#...##..#.PP........#
#...g@####......#####
#)..### ##....## ###
### ###### #..
#######)# #........
####........
#...........
###.........
#.........


You could see Crazy Yiuf (very drained).

Vanquished Creatures
  An orc priest (D:3)
  2 adders (D:3)
  A dart slug (D:2)
  5 ball pythons
  5 bats
  4 endoplasms
  A giant cockroach (D:3)
  8 goblins
  6 hobgoblins
  4 jackals (D:1)
  2 quokkas (D:1)
  2 frilled lizards (D:1)
  2 kobolds (D:1)
  8 rats
51 creatures vanquished.

Notes
Turn   | Place    | Note
-------+----------+-------------------------------------------
     0 | D:1      | malesh the Tengu Reaver began the quest for the Orb.
     0 | D:1      | Reached XP level 1. HP: 12/12 MP: 4/4
    86 | D:1      | Reached XP level 2. HP: 13/15 MP: 4/6
   247 | D:1      | Learned a level 2 spell: Momentum Strike
   544 | D:1      | Reached XP level 3. HP: 21/21 MP: 7/7
   802 | D:2      | You fall into a shaft and drop 1 floor!
   965 | D:3      | Found Saymuizi's Distillery.
   981 | D:3      | Bought a potion of curing for 39 gold pieces
  1049 | D:3      | Reached XP level 4. HP: 24/24 MP: 8/8
  1473 | D:2      | Found a runed translucent door.
  1588 | D:2      | Found Xeuk's Antique Weapon Emporium.
  1909 | D:2      | Noticed Crazy Yiuf
  1917 | D:2      | Slain by Crazy Yiuf

Illustrated notes

Levels and vault maps discovered:
D:1:      lightli_iron_boxes, layout_basic
D:2:      layout_basic, serial_shops, shop, minmay_ruptured,
          uniq_crazy_yiuf_cottage
D:3:      layout_loops_cross, nicolae_wu_jian_wuxing_cycle, serial_shops, shop

Skill      XL: |  1  2  3 |
---------------+----------+-----
Dodging        | 3 |  3.1
Fighting       | |  2.8
Long Blades    | |  3.9
Shields        | |  0.7
Spellcasting   | |  2.4
Conjurations   | |  4.5

Action                   |  1- 3 |  4- 6 || total
-------------------------+-------+-------++-------
Melee: Falchion          |    70 |    30 ||   100
       Kick              |    13 |     4 ||    17
       Punch             |     1 |       ||     1
       Peck              |     6 |     8 ||    14
 Cast: Kiss of Death     |     2 |     1 ||     3
       Momentum Strike   |     2 |       ||     2
  Use: Scroll            |     2 |     3 ||     5
Armor: Leather armour    |    26 |     7 ||    33
Dodge: Dodged            |    43 |    12 ||    55
Block: Buckler           |     5 |     6 ||    11

Table legend: (Time is in decaauts)
 A = Elapsed time spent in this place.
 B = Non-inter-level travel time spent in this place.
 C = Inter-level travel time spent in this place.
 D = Time resting spent in this place.
 E = Time spent auto-exploring this place.
 F = Levels seen in this place.
 G = Mean time per level.
                   A        B        C        D        E       F      G
               +--------+--------+--------+--------+--------+-----+--------+
         Total |   1931 |   1861 |     70 |    132 |   1371 |   3 |  643.7 |
       Dungeon |   1931 |   1861 |     70 |    132 |   1371 |   3 |  643.7 |
               +--------+--------+--------+--------+--------+-----+--------+

Top non-repeatable levels by time:
     D:1: 664 daAuts
     D:3: 636 daAuts
     D:2: 630 daAuts
